 Dungeon Crawl Stone Soup version 0.31-a0-971-g75a2e9a4b4 (webtiles) character file.

Game seed: 5187653899398327006

191 Dordric the Grave Robber (level 5, -4/28 HPs)
             Began as a Deep Elf Necromancer on Oct 28, 2023.
             Slain by a gnoll
             ... wielding a +0 halberd
              (12 damage)
             ... on level 3 of the Dungeon.
             The game lasted 00:03:24 (1823 turns).

Dordric the Grave Robber (Deep Elf Necromancer)     Turns: 1823, Time: 00:03:24

Health: -4/28      AC:  2    Str:  5    XL:     5   Next: 41%
Magic:  4/15       EV: 12    Int: 22    God:
Gold:   103        SH:  0    Dex: 15    Spells: 7/15 levels left

rFire   . . .        (no weapon)
rCold   . . .        (no shield)
rNeg    . . .        a - +0 robe
rPois   .            (no helmet)
rElec   .            (no cloak)
rCorr   .            (no gloves)
SInv    .            (no boots)
Will    .....        (no amulet)
Stlth   ++           (no ring)
HPRegen 0.24/turn    (no ring)
MPRegen 0.14/turn

%: no passive effects
@: no status effects
A: no striking features
a: no special abilities


You were on level 3 of the Dungeon.
You visited 1 branch of the dungeon, and saw 3 of its levels.

You collected 103 gold pieces.

Inventory:

Armour
 a - a +0 robe (worn)
Jewellery
 k - a ring of resist corrosion
Scrolls
 c - a scroll of teleportation {unknown}
 d - 2 scrolls of identify {unknown}
 e - a scroll of noise {unknown}
 h - a scroll of blinking {unknown}
 j - a scroll of revelation {unknown}
 l - a scroll of torment {unknown}
Potions
 b - a potion of magic
 f - a potion of curing {unknown}
 g - a potion of enlightenment {unknown}
 i - a potion of might {unknown}


   Skills:
 - Level 2.4 Dodging
 - Level 2.4 Stealth
 + Level 5.8 Spellcasting
 + Level 6.6 Necromancy


You had 7 spell levels left.
You knew the following spells:

 Your Spells              Type           Power      Damage    Failure   Level
a - Necrotise             Necr           100%       1d9       1%          1
b - Vampiric Draining     Necr           35%        2d8       1%          3
c - Animate Dead          Necr           35%        N/A       6%          4

Your spell library contained the following spells:

 Spells                   Type           Power      Damage    Failure   Level
 Sandblast                Erth           12%        2d6       10%         1
 Shock                    Conj/Air       24%        1d4       10%         1
 Passwall                 Tmut/Erth      5%         N/A       14%         2
 Agony                    Necr           35%        N/A       17%         5
 Stone Arrow              Conj/Erth      12%        3d7       28%         3
 Swiftness                Air            6%         N/A       28%         3
 Airstrike                Air            3%         2d(1-17)  67%         4
 Brom's Barrelling Bould  Conj/Erth      6%         2d3       67%         4


Dungeon Overview and Level Annotations

Branches:
Dungeon (3/15)

Altars:


Message History

You kill the gnoll!
The dead are walking!
The orc writhes in agony.
The orc hits your gnoll zombie with a +0 dagger.
The orc hits your hobgoblin zombie with a +0 hand axe of distortion.
Your hobgoblin zombie is destroyed!
Your gnoll zombie hits the orc.
The orc dies!
The dead are walking!
The orc barely misses your orc zombie.
The gnoll writhes in agony.
The orc hits your gnoll zombie with a +1 hand axe of electrocution.
The orc hits your orc zombie with a +1 hand axe of electrocution.
Your gnoll zombie barely misses the gnoll.
The orc hits your orc zombie with a +0 dagger.
You are out of magic!
Unknown command.
The orc barely misses your gnoll zombie.
The orc hits something with a +1 hand axe of electrocution.
The gnoll attacks as it pursues you!
The gnoll hits you from afar with a +0 halberd!
Your gnoll zombie closely misses the gnoll.
Your gnoll zombie hits the orc.
The orc hits your gnoll zombie with a +0 trident!
The orc hits your gnoll zombie with a +0 trident!
The orc hits your gnoll zombie with a +1 hand axe of electrocution!
Your gnoll zombie is destroyed!
The orc hits your gnoll zombie with a +0 trident!
Your gnoll zombie is destroyed!
Your reaping aura is weakening.
The gnoll attacks as it pursues you! The gnoll misses you.
The gnoll attacks as it pursues you!
The gnoll hits you from afar with a +0 halberd!
Ouch! That really hurt!
* * * LOW HITPOINT WARNING * * *
Your reaping aura expires.
The gnoll attacks as it pursues you! The gnoll barely misses you.
There is a faded altar of an unknown god here.
The gnoll attacks as it pursues you!
The gnoll hits you from afar with a +0 halberd!
You die...

.# ?. ######### ..#
#+####.#<......# o.
#......#....##.# #o##
#.....#.##.##.# ##Z.#
#.....#.##....# ..o)#
#...).#(########## ###.##
#.....#.@.g._....#
.))..####.....##########.#
....o.o.........o....g.#.#
...###.##.#...########.#.#
### #..#.###.# #...#
##.......# ##### ###.##..#
#.###.# #....>#


You could see a gnoll.

Vanquished Creatures
  Jessica (D:2)
  Natasha (twice) (D:2)
  4 adders
  2 gnolls (D:3)
  4 dart slugs
  3 ball pythons
  A bat (D:1)
  6 endoplasms
  A giant cockroach (D:3)
  4 goblins
  7 hobgoblins
  3 kobolds
  2 quokkas
  8 frilled lizards
  4 rats
52 creatures vanquished.

Vanquished Creatures (collateral kills)
  An orc (D:3)
  A kobold (D:2)
2 creatures vanquished.

Vanquished Creatures (others)
  2 gnoll zombies (D:3)
  2 hobgoblin zombies (D:3)
  An orc zombie (D:3)
5 creatures vanquished.

Grand Total: 59 creatures vanquished

Notes
Turn   | Place    | Note
-------+----------+-------------------------------------------
     0 | D:1      | Dordric the Deep Elf Necromancer began the quest for the
                  | Orb.
     0 | D:1      | Reached XP level 1. HP: 10/10 MP: 6/6
   107 | D:1      | Reached skill level 5 in Necromancy
   134 | D:1      | Reached XP level 2. HP: 14/15 MP: 2/8
   585 | D:1      | Reached XP level 3. HP: 19/19 MP: 7/10
  1129 | D:2      | Noticed Jessica
  1137 | D:2      | Killed Jessica
  1165 | D:2      | Reached XP level 4. HP: 24/24 MP: 6/12
  1292 | D:2      | Noticed Natasha
  1299 | D:2      | Killed Natasha
  1300 | D:2      | Reached skill level 5 in Spellcasting
  1300 | D:2      | Reached skill level 6 in Necromancy
  1387 | D:2      | Learned a level 3 spell: Vampiric Draining
  1392 | D:2      | Learned a level 4 spell: Animate Dead
  1620 | D:2      | Noticed Natasha
  1636 | D:2      | Killed Natasha
  1637 | D:2      | Reached XP level 5. HP: 28/28 MP: 9/15
  1701 | D:3      | Found a faded altar of an unknown god.
  1823 | D:3      | Slain by a gnoll

Illustrated notes

Levels and vault maps discovered:
D:1:      sevenhm_arrival_forest_fort_small_4, layout_rooms, serial_forest,
          infiniplex_forest_lined_room_2, infiniplex_forest_zigzag_2,
          infiniplex_forest_straight_3, infiniplex_forest_zigzag_2,
          infiniplex_forest_zigzag_1, infiniplex_forest_end_2,
          infiniplex_forest_clump_C, infiniplex_forest_straight_4,
          nrook_mini_vaults, kennysheep_crisscross, minmay_small_reverse_x
D:2:      cheibrodos_old_hovel, layout_rooms, uniq_natasha, uniq_jessica
D:3:      layout_basic, tso_altar, basic_ecumenical_altar, uniq_ijyb

Skill      XL: |  1  2  3  4 |
---------------+-------------+-----
Necromancy     | 5 6 |  6.6
Spellcasting   | 4 5 |  5.8
Dodging        | |  2.4
Stealth        | |  2.4

Action                     |  1- 3 |  4- 6 || total
---------------------------+-------+-------++-------
  Melee: Unarmed           |     3 |       ||     3
   Cast: Necrotise         |    65 |    35 ||   100
         Vampiric Draining |       |     1 ||     1
         Animate Dead      |       |     1 ||     1
   Stab: Sleeping          |     1 |       ||     1
 Armour: Robe              |     5 |     4 ||     9
  Dodge: Dodged            |    10 |     7 ||    17

Table legend: (Time is in decaauts)
 A = Elapsed time spent in this place.
 B = Non-inter-level travel time spent in this place.
 C = Inter-level travel time spent in this place.
 D = Time resting spent in this place.
 E = Time spent auto-exploring this place.
 F = Levels seen in this place.
 G = Mean time per level.
                   A        B        C        D        E       F      G
               +--------+--------+--------+--------+--------+-----+--------+
         Total |   1830 |   1800 |     30 |      0 |   1493 |   3 |  610.0 |
       Dungeon |   1830 |   1800 |     30 |      0 |   1493 |   3 |  610.0 |
               +--------+--------+--------+--------+--------+-----+--------+

Top non-repeatable levels by time:
     D:1: 1045 daAuts
     D:2: 652 daAuts
     D:3: 132 daAuts
